 Dungeon Crawl Stone Soup version 0.32-a0-747-gc8563f6773 (webtiles) character file.

Game seed: 281167818064466466

1359 greenreed the Trooper (level 8, -1/65 HPs)
             Began as a Coglin Gladiator on Mar 17, 2024.
             Was an Initiate of Gozag.
             Slain by an unseen horror (8 damage)
             ... on level 6 of the Dungeon.
             The game lasted 00:09:00 (5758 turns).

greenreed the Trooper (Coglin Gladiator)            Turns: 5758, Time: 00:09:00

Health: -1/65      AC:  8    Str: 16    XL:     8   Next: 64%
Magic:  8/8        EV: 10    Int:  8    God:    Gozag
Gold:   503        SH:  0    Dex: 16    Spells: 7/7 levels left

rFire   . . .        a - +0 trident {Guillermo}
rCold   . . .        f - +0 spear {Hua}
rNeg    . . .        q - +0 scale mail
rPois   .            c - +0 helmet
rElec   .            (no cloak)
rCorr   .            (no gloves)
SInv    .            (no boots)
Will    .....        (amulet unavailable) Stlth
                     (ring unavailable)
HPRegen 0.30/turn    (ring unavailable)
MPRegen 0.11/turn    (no gizmo)

%: no passive effects
@: revved
A: off-hand wielding, slow wielding, warmup strikes, no jewellery
a: Invent Gizmo, Renounce Religion, Potion Petition, Call Merchant, Bribe Branch


You were on level 6 of the Dungeon.
You worshipped Gozag.
Gozag was pleased with you.
You visited 2 branches of the dungeon, and saw 7 of its levels.

You collected 670 gold pieces.
You spent 80 gold pieces at shops.
You paid 87 gold pieces to Gozag.

Inventory:

Hand Weapons
 a - a +0 trident (weapon) {Guillermo}
 f - a +0 spear (offhand) {Hua}
Missiles
 d - 2 throwing nets (quivered)
 e - a javelin
Armour
 c - a +0 helmet (worn)
 q - a +0 scale mail (worn)
Wands
 B - a wand of digging (8)
Scrolls
 g - 6 scrolls of identify {unknown}
 j - a scroll of torment {unknown}
 l - 4 scrolls of noise {unknown}
 m - a scroll of vulnerability {unknown}
 p - a scroll of poison {unknown}
 r - 4 scrolls of teleportation {unknown}
 s - a scroll of revelation {unknown}
 u - 3 scrolls of brand weapon {unknown}
 v - a scroll of amnesia {unknown}
 y - a scroll of enchant weapon {unknown}
 z - a scroll of enchant armour {unknown}
 A - a scroll of silence {unknown}
 D - a scroll of fear {unknown}
Potions
 b - a potion of curing
 h - 5 potions of might {unknown}
 i - 3 potions of mutation {unknown}
 k - a potion of berserk rage {unknown}
 n - 3 potions of ambrosia {unknown}
 o - 2 potions of heal wounds
 t - a potion of attraction {unknown}
 w - 2 potions of degeneration {unknown}
 x - 3 potions of brilliance {unknown}
 C - a potion of cancellation {unknown}
 E - a potion of magic {unknown}


   Skills:
 * Level 6.3 Fighting
 * Level 6.1 Polearms
 - Level 1.7 Throwing
 + Level 3.5 Armour
 + Level 4.5 Dodging


You had 7 spell levels left.
You didn't know any spells.
Your spell library contained the following spells:

 Spells                   Type           Power      Damage    Failure   Level
 Magic Dart               Conj           0%         1d3       83%         1
 Searing Ray              Conj           0%         2d4       92%         2
 Inner Flame              Hex/Fire       0%         N/A       99%         3
 Flame Wave               Conj/Fire      0%         2d4       100%        4
 Fulminant Prism          Conj/Alch      0%         3d5       100%        4
 Sticky Flame             Fire/Alch      0%         2d4       100%        4


Dungeon Overview and Level Annotations

Branches:
Dungeon (6/15)             Temple (1/1) D:4

Altars:
Ashenzari
Cheibriados
Dithmenos
Elyvilon
Fedhas
Gozag
Hepliaklqana
Makhleb
Nemelex Xobeh
Okawaru
Qazlal
Ru
Sif Muna
Trog
Uskayaw
Vehumet
Wu Jian
Xom
Yredelemnul
Zin
The Shining One

Shops:
D:3 !   D:5 *


Innate Abilities, Weirdness & Mutations

You can wield a second weapon in your off-hand.
It takes a long time for you to wield or remove held weapons.
Your first few attacks do less damage.
You cannot equip rings or amulets.


Message History

Unknown command.
You feel much better. Something hits you.
Reach: a) +0 trident {Guillermo}
Press: ? - help, Dir - move target, f/p - orc
Aim: an orc, wielding a +0 short sword (about 35% to evade your +0 trident)
You hit the orc but do no damage. You hit the orc with your +0 trident.
The orc closely misses you.
Unknown command.
Reach: a) +0 trident {Guillermo}
Press: ? - help, Dir - move target, p - orc You reach to attack!
You hit something but do no damage.
You closely miss something with your +0 trident.
Unknown command.
You miss something with your +0 spear. You hit something but do no damage.
The orc hits you but does no damage. Something hits you but does no damage.
You hit something with your +0 spear.
You barely miss something with your +0 trident.
The orc hits you but does no damage. Something hits you but does no damage.
You hit something with your +0 spear.
Reactivating autopickup.
You feel a bit more experienced. Something hits you!
* * * LOW HITPOINT WARNING * * *
Deactivating autopickup; reactivate with Ctrl-A.
The orc hits you but does no damage.
You hit the orc with your +0 trident.
The orc is heavily wounded.
You puncture the orc with your +0 spear!
You kill the orc!
Something hits you.
* * * LOW HITPOINT WARNING * * *
Something hits you but does no damage.
There is an open door here.
Items here: $ ( ))) [[.
You hit something but do no damage.
You puncture something with your +0 trident!
Something hits you.
* * * LOW HITPOINT WARNING * * *
Something hits you but does no damage. Something hits you!
You die...
Your body crumbles into a pile of gold.

#.# ######.....# ####.......
###.# ##...##.....# #.......
ß##.# #.....#.....# #.......
..### #.....'..ß..+ #....... ..ß#
#.....#.....# #....... ..####
##...##.....# #.......
ß##..###########$#########.......
##...........##..$##.............
.............#./@..#.............
.............#.....#............#
.............#.....#............#
.............##$$?##.........#..#
............>#######........##..#
..........)........[......####..#
........###.#.........=.##..#...#
......### ##########.######......
....### ##.## ##.....


There were no monsters in sight!

Vanquished Creatures
  Pikel (D:5)
  A shadow (D:6)
  A lemure (D:5)
  A phantom (D:6)
  A scorpion (D:5)
  A bombardier beetle (D:6)
  3 jellies
  An orc priest (D:4)
  A hound (D:5)
  2 sleepcaps
  An orc wizard (D:6)
  3 iguanas
  Robin (D:2)
  9 adders
  3 gnolls (D:4)
  2 shadow imps (D:5)
  2 ufetubi (D:6)
  4 dart slugs
  8 orcs
  11 ball pythons
  10 endoplasms
  3 giant cockroaches
  10 goblins
  17 hobgoblins
  4 jackals
  10 kobolds
  3 quokkas
  3 bats
  A frilled lizard (D:3)
  8 rats
126 creatures vanquished.

Notes
Turn   | Place    | Note
-------+----------+-------------------------------------------
     0 | D:1      | greenreed the Coglin Gladiator began the quest for the Orb.
     0 | D:1      | Reached XP level 1. HP: 16/16 MP: 1/1
    63 | D:1      | Reached XP level 2. HP: 22/22 MP: 2/2
   334 | D:1      | Reached XP level 3. HP: 28/28 MP: 3/3
   958 | D:2      | Reached skill level 1 in Armour
  1080 | D:2      | Reached XP level 4. HP: 34/35 MP: 4/4
  1116 | D:2      | Noticed Robin
  1133 | D:2      | Killed Robin
  1568 | D:2      | Reached XP level 5. HP: 41/41 MP: 5/5
  1620 | D:3      | Found a shimmering altar of Xom.
  1758 | D:3      | Found Feahe's Distillery.
  1766 | D:3      | Bought a potion of curing for 30 gold pieces
  1766 | D:3      | Bought a potion of heal wounds for 50 gold pieces
  2047 | D:3      | Found a sparkling altar of Nemelex Xobeh.
  2792 | D:4      | Reached XP level 6. HP: 48/48 MP: 6/6
  2793 | D:4      | Found a staircase to the Ecumenical Temple.
  2806 | Temple   | Entered the Ecumenical Temple
  2832 | Temple   | Became a worshipper of Gozag Ym Sagoz the Greedy
  2885 | D:4      | Found a shadowy altar of Dithmenos.
  3204 | D:4      | Found a broken altar of Ashenzari.
  3645 | D:5      | Entered Level 5 of the Dungeon
  3699 | D:5      | Reached XP level 7. HP: 47/55 MP: 7/7
  3763 | D:5      | Found a basalt altar of Yredelemnul.
  3847 | D:5      | Noticed Pikel
  4159 | D:5      | Found a glowing silver altar of Zin.
  4196 | D:5      | Killed Pikel
  4197 | D:5      | Reached skill level 5 in Fighting
  4197 | D:5      | Reached skill level 5 in Polearms
  4197 | D:5      | Reached XP level 8. HP: 14/63 MP: 8/8
  4394 | D:5      | Found Niviruom's Assorted Antiques.
  4856 | D:6      | Found a bloodstained altar of Trog.
  4859 | D:6      | Found a hazy altar of Hepliaklqana.
  4862 | D:6      | Found a sacrificial altar of Ru.
  4876 | D:6      | Found a snail-covered altar of Cheibriados.
  5033 | D:6      | Found an ornate altar of the Wu Jian Council.
  5556 | D:6      | Noticed a shadow
  5568 | D:6      | Killed a shadow
  5758 | D:6      | Slain by an unseen horror

Illustrated notes

Levels and vault maps discovered:
D:1:      minmay_arrival_semitransparent, layout_basic, minivault_19
D:2:      layout_rooms, minivault_27, uniq_robin
D:3:      minmay_razor_zed, layout_basic, nemelex_altar_shiori,
          mainiacjoe_overflow_brackets, serial_shops, shop,
          minmay_three_crescents
D:4:      layout_cave_pools, nicolae_ashenzari_panopticon,
          nicolae_dithmenos_the_darkroom, minmay_temple_entry_trees,
          st_stairs_11
D:5:      layout_loops_ring, zin_academy, mainiacjoe_overflow_catwalk,
          serial_shops, shop_coins, uniq_pikel
D:6:      layout_layer_cave, nzn_wu_jian_council_hall,
          grunt_temple_overflow_cloverleaf, minmay_three_doors
Temple:   chequers_temple_sunken

Skill      XL: |  1  2  3  4  5  6  7  8 |
---------------+-------------------------+-----
Polearms       | 3 4 5 6 |  6.1
Dodging        | 3 4 |  4.5
Armour         | 1 2 3 |  3.5
Fighting       | 3 4 5 6 |  6.3
Throwing       | |  1.7

Action                     |  1- 3 |  4- 6 |  7- 9 || total
---------------------------+-------+-------+-------++-------
  Melee: Trident           |    80 |   158 |   128 ||   366
         Dagger            |    33 |       |       ||    33
         Spear             |    31 |   156 |   123 ||   310
  Throw: Throwing net      |       |       |     3 ||     3
         Javelin           |       |       |     1 ||     1
    Use: Potion            |       |       |     3 ||     3
   Stab: Sleeping          |     2 |       |       ||     2
         Distracted        |     1 |       |       ||     1
         Held in net/web   |       |       |     2 ||     2
 Armour: Leather armour    |    35 |    25 |       ||    60
         Scale mail        |       |    41 |   104 ||   145
  Dodge: Dodged            |    31 |    59 |    49 ||   139

Table legend: (Time is in decaauts)
 A = Elapsed time spent in this place.
 B = Non-inter-level travel time spent in this place.
 C = Inter-level travel time spent in this place.
 D = Time resting spent in this place.
 E = Time spent auto-exploring this place.
 F = Levels seen in this place.
 G = Mean time per level.
                   A        B        C        D        E       F      G
               +--------+--------+--------+--------+--------+-----+--------+
         Total |   5759 |   5420 |    339 |    566 |   3896 |   7 |  822.7 |
       Dungeon |   5704 |   5415 |    289 |    566 |   3896 |   6 |  950.7 |
        Temple |     54 |      4 |     50 |      0 |      0 |   1 |   54.0 |
               +--------+--------+--------+--------+--------+-----+--------+

Top non-repeatable levels by time:
     D:3: 1124 daAuts
     D:5: 1040 daAuts
     D:4: 991 daAuts
     D:6: 919 daAuts
     D:1: 912 daAuts
     D:2: 716 daAuts
  Temple: 54 daAuts
